 Dungeon Crawl Stone Soup version 0.29.1-12-g30fa7ad0bf (webtiles) character file.

Game seed: 12313151503889984749

78 MisterFreud the Twirler (level 4, -1/33 HPs)
             Began as a Formicid Gladiator on Dec 25, 2022.
             Slain by a gnoll bouda
             ... wielding a +0 whip
              (5 damage)
             ... on level 7 of the Dungeon.
             The game lasted 00:02:05 (3426 turns).

MisterFreud the Twirler (Formicid Gladiator)        Turns: 3426, Time: 00:02:06

Health: -1/33      AC:  4    Str: 20    XL:     4   Next: 61%
Magic:  4/4        EV: 12    Int:  8    God:
Gold:   120        SH:  0    Dex: 15    Spells: 3/3 levels left

rFire   . . .      SeeInvis +   a - +0 quarterstaff
rCold   . . .      Faith    .   (no shield)
rNeg    . . .      Spirit   .   b - +1 leather armour
rPois   .          Reflect  .   (helmet unavailable)
rElec   .          Harm     .   (no cloak)
rCorr   .          Rampage  .   (no gloves)
Will    .....                   (no boots)
Stlth   +.........              (no amulet)
HPRegen 0.11/turn               (no ring)
MPRegen 0.09/turn               (no ring)

@: weakened
A: permanent stasis, dig shafts and tunnels, antennae 3, four strong arms
a: Dig, Shaft Self


You were on level 7 of the Dungeon.
You visited 1 branch of the dungeon, and saw 6 of its levels.

You collected 120 gold pieces.

Inventory:

Hand Weapons
 a - a +0 quarterstaff (weapon)
Missiles
 c - 3 throwing nets (quivered)
 d - 4 javelins
 g - 11 poisoned darts
 l - 2 boomerangs
Armour
 b - a +1 leather armour (worn)
Jewellery
 j - a ring of protection from cold
Scrolls
 f - a scroll of vulnerability {unknown}
 i - a scroll of amnesia
 n - a scroll of identify
Potions
 e - a potion of cancellation
 h - a potion of magic
 k - a potion of haste {unknown}
 m - a potion of curing {unknown}
 o - a potion of brilliance {unknown}
 p - a potion of ambrosia {unknown}


   Skills:
 - Level 2.1 Fighting
 + Level 5.0 Staves
 - Level 2.0 Throwing
 - Level 2.6 Dodging


You had 3 spell levels left.
You didn't know any spells.
Your spell library contained the following spells:

 Spells                   Type           Power      Damage    Failure   Level
 Magic Dart               Conj           0%         1d3       45%         1
 Sting                    Tmut/Pois      0%         1d3       45%         1
 Summon Small Mammal      Summ           0%         N/A       45%         1
 Call Imp                 Summ           0%         N/A       61%         2
 Poisonous Vapours        Pois/Air       0%         N/A       61%         2
 Call Canine Familiar     Summ           0%         N/A       83%         3
 Mephitic Cloud           Conj/Pois/Air  0%         N/A       83%         3
 Summon Guardian Golem    Hex/Summ       0%         N/A       83%         3
 Olgreb's Toxic Radiance  Pois           0%         N/A       99%         4


Dungeon Overview and Level Annotations

Branches:
Dungeon (7/15)
 Temple: D:4-7

Altars:
Dithmenos


Innate Abilities, Weirdness & Mutations

You cannot be hasted, slowed, berserked, paralysed or teleported.
You can dig through walls and to a lower floor.
You have a pair of large antennae on your head. (SInv)
Your four strong arms can wield two-handed weapons with a shield.


Message History

Your Staves skill increases to level 5!
No target in view!
You start resting.
HP restored.
You climb upwards.
The gnoll bouda gazes fiercely through you!
You feel your attacks grow feeble.
The gnoll bouda gazes fiercely through you!
You feel as though you will be weak longer.
The gnoll bouda hits you with a +0 whip!
There is a stone staircase leading down, spattered with blood here.
The gnoll hits you but does no damage. The gnoll bouda closely misses you.
You climb downwards.
There is a stone staircase leading up, spattered with blood here.
You barely miss the gnoll bouda. The gnoll hits you with a +0 club.
The gnoll bouda barks out a call to the hunt!
The gnoll picks up the pace!
You hit the gnoll bouda.
The gnoll bouda is lightly wounded.
The gnoll hits you but does no damage.
The gnoll bouda hits you with a +0 whip!
You sock the gnoll bouda!
The gnoll bouda is heavily wounded.
The gnoll barely misses you. The gnoll bouda barely misses you.
Unknown command.
You hit the gnoll bouda.
The gnoll bouda is severely wounded.
The gnoll hits you with a +0 club.
* * * LOW HITPOINT WARNING * * *
The gnoll bouda utters an invocation to its god.
The gnoll bouda is healed somewhat.
Things that are here:
a +0 club; a gnoll corpse Are you sure you want to shaft yourself?
The gnoll misses you. The gnoll bouda closely misses you.
You begin to dig a shaft.
You continue digging a shaft.
The gnoll hits you with a +0 club.
* * * LOW HITPOINT WARNING * * *
The gnoll bouda hits you with a +0 whip.
You die...

###############
#.............#
..#...............
.......g<.#####.##
#......@g)......
.###############


You could see a gnoll bouda and a gnoll (swift).

Vanquished Creatures
  3 gnolls
  2 worms
  A dart slug (D:1)
  An orc (D:4)
  5 ball pythons
  5 endoplasms
  3 giant cockroaches
  4 goblins
  4 hobgoblins
  2 kobolds
  A quokka (D:3)
  A bat (D:2)
  3 frilled lizards
  4 rats
39 creatures vanquished.

Notes
Turn   | Place    | Note
-------+----------+-------------------------------------------
     0 | D:1      | MisterFreud the Formicid Gladiator began the quest for the
                  | Orb.
     0 | D:1      | Reached XP level 1. HP: 16/16 MP: 1/1
   205 | D:1      | Reached XP level 2. HP: 11/22 MP: 2/2
   434 | D:1      | Reached skill level 4 in Staves
   434 | D:1      | Reached XP level 3. HP: 25/27 MP: 3/3
  1271 | D:2      | Found a shadowy altar of Dithmenos.
  1316 | D:2      | Found the +6 shillelagh "Devastator" {shatter}
  1823 | D:3      | Found a faded altar of an unknown god.
  1990 | D:3      | Reached XP level 4. HP: 25/33 MP: 4/4
  2945 | D:4      | Noticed a scorpion
  2953 | D:4      | You fall into a shaft and drop 3 floors!
  3343 | D:7      | Reached skill level 5 in Staves
  3426 | D:7      | Slain by a gnoll bouda

Illustrated notes

Levels and vault maps discovered:
D:1:      psy_arrival_conway, layout_loops_cross, st_stairs_8,
          serial_bayou_lagoon_b
D:2:      layout_basic, basic_altar
D:3:      layout_loops_cross, ebering_ecumenical_altar_webs,
          serial_co_window_serial, co_window_corner_a, co_window_paths_b,
          co_window_cross_1, co_window_paths_a, co_window_corner_a,
          co_window_of_opportunity_a, co_window_2corner,
          co_window_unsneaky_path_b, co_window_paths_c, co_window_corner_b,
          co_window_4corner_b, glass_columns_c, glass_columns_b,
          glass_columns_a, glass_columns_a, glass_columns_b
D:4:      layout_basic
D:6:      layout_basic, chequers_serial_rivers_micro_b, uniq_sigmund
D:7:      layout_basic, minmay_temple_entry_antechambers, uniq_menkaure

Skill      XL: |  1  2  3  4 |
---------------+-------------+-----
Staves         | 4 5 |  5.0
Fighting       | |  2.1
Throwing       | |  2.0
Dodging        | |  2.6

Action                   |  1- 3 |  4- 6 || total
-------------------------+-------+-------++-------
Melee: Quarterstaff      |    84 |    25 ||   109
       Punch             |     1 |       ||     1
 Abil: Shaft Self        |       |     2 ||     2
  Use: Scroll            |     7 |       ||     7
 Stab: Sleeping          |     1 |       ||     1
Armor: Leather armour    |    14 |    10 ||    24
Dodge: Dodged            |    44 |    18 ||    62
